 Dungeon Crawl Stone Soup version 0.28.0-53-g5a82cb258f (webtiles) character file.

Game seed: 13915851276714036840

337187 mortz the Pyromancer (level 20, -4/141 HPs)
             Began as a Demigod Conjurer on May 20, 2022.
             Slain by a deep troll (10 damage)
             ... led by an ironbound preserver
             ... on level 4 of the Vaults on May 24, 2022.
             The game lasted 10:14:49 (84727 turns).

mortz the Pyromancer (Demigod Conjurer)            Turns: 84727, Time: 10:14:50

Health: -4/141     AC: 40    Str: 24    XL:     20   Next: 16%
Magic:  9/52       EV: 10    Int: 32    God:
Gold:   2314       SH:  7    Dex: 15    Spells: 2/46 levels left

rFire   . . .      SeeInvis +   V - +3 rapier of Division {spect, rPois MP+9 Dex+3 SInv, short}
rCold   . . .      Faith    .   L - +3 buckler {AC+3}
rNeg    + . .      Spirit   .   G - +12 chain mail "Emuinoh" {rN+ rCorr Str+4 Int+2}
rPois   +          Reflect  .   x - +2 helmet {SInv}
rElec   .          Harm     .   i - scarf {repulsion}
rCorr   +          Rampage  .   b - +2 pair of gloves {Stlth+}
Will    ++...                   J - +2 pair of boots
Stlth   +.........              g - amulet of regeneration {@e2}
HPRegen 1.13/turn               E - +4 ring of protection
MPRegen 0.33/turn               P - ring of wizardry

@: about to teleport, very slightly contaminated, repel missiles
A: high MP 1, forlorn, divine attributes, dopey 1
}: 2/15 runes: barnacled, gossamer
a: no special abilities


You were on level 4 of the Vaults.
You visited 6 branches of the dungeon, and saw 35 of its levels.
You also visited: Ossuary, Bailey, Gauntlet and Ice Cave.

You collected 4225 gold pieces.
You spent 1911 gold pieces at shops.


Innate Abilities, Weirdness & Mutations

You have an increased reservoir of magic. (+10% MP)
You shall have no god before yourself.
Your divine heritage dramatically boosts your attributes as you level up.
You are dopey. (Int -2)


   Skills:
 - Level 3.8 Fighting
 - Level 7.0 Long Blades
 - Level 9.5 Armour
 - Level 5.6 Dodging
 - Level 4.3 Stealth
 - Level 1.2 Shields
 - Level 13.5 Spellcasting
 - Level 17.2 Conjurations
 - Level 2.0 Hexes
 - Level 11.7 Translocations
 - Level 0.5 Transmutations
 * Level 21.8 Fire Magic
 - Level 0.5 Earth Magic
 - Level 0.6 Poison Magic
 - Level 2.6 Evocations


You had 2 spell levels left.
You knew the following spells:

 Your Spells              Type           Power      Damage    Failure   Level
a - Magic Dart            Conj           100%       1d8       0%          1
b - Searing Ray           Conj           100%       2d8       0%          2
c - Iskenderun's Mystic   Conj/Tloc      85%        2d17      1%          4
d - Ignition              Fire           52%        3d14      5%          8
e - Fulminant Prism       Conj/Hex       35%        3d18      1%          4
f - Mephitic Cloud        Conj/Pois/Air  56%        N/A       1%          3
g - Flame Wave            Conj/Fire      98%        2d16      1%          4
h - Orb of Destruction    Conj           46%        9d12      4%          7
i - Inner Flame           Hex/Fire       78%        N/A       1%          3
j - Dispersal             Tloc           38%        N/A       8%          6
k - Blink                 Tloc           100%       N/A       1%          2

Your spell library contained the following spells:

 Spells                   Type           Power      Damage    Failure   Level
 Scorch                   Fire           100%       2d10      0%          2
 Static Discharge         Conj/Air       67%        N/A       1%          2
 Slow                     Hex            100%       N/A       2%          1
 Ensorcelled Hibernation  Hex/Ice        56%        N/A       6%          2
 Passwall                 Tmut/Erth      20%        N/A       8%          2
 Wereblood                Tmut           25%        N/A       8%          2
 Poisonous Vapours        Pois/Air       46%        N/A       9%          2
 Call Imp                 Summ           21%        N/A       10%         2
 Corpse Rot               Necr/Air       42%        N/A       10%         2
 Sublimation of Blood     Necr           21%        N/A       10%         2
 Conjure Flame            Conj/Fire      98%        6-21      0%          3
 Dazzling Flash           Conj/Hex       100%       N/A       1%          3
 Ignite Poison            Fire/Tmut/Pois 63%        N/A       1%          3
 Passage of Golubria      Tloc           77%        N/A       1%          4
 Manifold Assault         Tloc           77%        N/A       1%          5
 Lightning Bolt           Conj/Air       33%        1d51      4%          5
 Confusing Touch          Hex            34%        N/A       9%          3
 Summon Guardian Golem    Hex/Summ       28%        N/A       12%         3
 Swiftness                Air            22%        N/A       17%         3
 Frozen Ramparts          Ice            42%        1d6       19%         3
 Ozocubu's Armour         Ice            21%        N/A       19%         3
 Vampiric Draining        Necr           21%        2d7       19%         3
 Cause Fear               Hex            17%        N/A       26%         4
 Animate Dead             Necr           10%        N/A       50%         4
 Summon Ice Beast         Ice/Summ       21%        N/A       50%         4
 Silence                  Hex/Air        14%        N/A       69%         5
 Metabolic Englaciation   Hex/Ice        14%        N/A       71%         5
 Spellforged Servitor     Conj/Summ      33%        N/A       80%         7
 Excruciating Wounds      Necr           10%        N/A       83%         5
 Disjunction              Tloc           38%        N/A       96%         8
 Simulacrum               Ice/Necr       10%        N/A       100%        6
 Summon Cactus Giant      Summ           10%        N/A       100%        6
 Haunt                    Necr/Summ      10%        N/A       100%        7
 Ozocubu's Refrigeration  Ice            10%        4d7       100%        7
 Storm Form               Tmut/Air       11%        N/A       100%        7
 Summon Hydra             Summ           10%        N/A       100%        7
 Discord                  Hex            17%        N/A       100%        8
 Infestation              Necr           10%        N/A       100%        8
 Lehudib's Crystal Spear  Conj/Erth      34%        10d9      100%        8
 Maxwell's Capacitive Co  Air            11%        โˆž       100%        8

Inventory:

Hand Weapons
 s - a +7 scimitar of flaming {long}
   (You took it off Erica on level 2 of the Lair of Beasts)
 V - the +3 rapier of Division (weapon) {spect, rPois MP+9 Dex+3 SInv, short}
   (You found it on level 4 of the Spider Nest)

   When its wielder attacks, the weapon's spirit leaps out and strikes again.
   The spirit shares a part of any damage it takes with its wielder.
   Dex:       It affects your dexterity (+3).
   rPois:     It protects you from poison.
   MP:        It affects your magic capacity (+9).
   SInv:      It lets you see invisible.
 X - a +3 double sword of freezing {longrare}
   (You found it in an ice cave)
Armour
 b - a +2 pair of gloves of stealth (worn)
   (You found it in a Gauntlet)
 i - a scarf of repulsion (worn)
   (You found it on level 4 of the Spider Nest)
 r - the +3 scale mail "Tewkofik" {Fly Will++ Int-3}
   (You found it on level 3 of the Dungeon)

   Int:       It affects your intelligence (-3).
   Fly:       It grants you flight.
   Will:      It greatly increases your willpower.
 w - the +6 scale mail of Sif Muna {Will+ Int+3}
   (You found it on level 2 of the Lair of Beasts)

   Int:       It affects your intelligence (+3).
   Will:      It increases your willpower.
 x - a +2 helmet of see invisible (worn)
   (You found it on level 4 of the Dungeon)
 G - the +12 chain mail "Emuinoh" (worn) {rN+ rCorr Str+4 Int+2}
   (You bought it in a shop on level 2 of the Orcish Mines)

   Str:       It affects your strength (+4).
   Int:       It affects your intelligence (+2).
   rN:        It protects you from negative energy.
   rCorr:     It protects you from acid and corrosion.
 J - a +2 pair of boots (worn)
   (You found it on level 7 of the Dungeon)
 K - +0 fire dragon scales
   (You found it on level 15 of the Dungeon)
 L - a +3 buckler of protection (worn)
   (You took it off a tengu warrior on level 12 of the Dungeon)
 S - the +9 ice dragon scales of Lust {rF- rC++ Int+4 Dex+2 SInv}
   (You took it off a merfolk on level 4 of the Shoals)

   Int:       It affects your intelligence (+4).
   Dex:       It affects your dexterity (+2).
   rF:        It makes you vulnerable to fire.
   rC:        It greatly protects you from cold.
   SInv:      It lets you see invisible.
Magical Staves
 c - a staff of conjuration {!a@e2staff}
   (You found it on level 6 of the Lair of Beasts)
Jewellery
 g - an amulet of regeneration (around neck) {@e2}
   (You found it on level 1 of the Dungeon)
 o - a ring of protection from cold
   (You found it on level 1 of the Lair of Beasts)
 E - a +4 ring of protection (left hand)
   (You found it on level 2 of the Shoals)
 F - an amulet of reflection
   (You found it on level 2 of the Shoals)
 P - a ring of wizardry (right hand)
   (You found it on level 9 of the Dungeon)
 R - an amulet of magic regeneration {@e2}
   (You found it on level 10 of the Dungeon)
 Z - a ring of poison resistance
   (You took it off an orc wizard on level 10 of the Dungeon)
Wands
 a - a wand of flame (32)
   (You found it on level 14 of the Dungeon)
 v - a wand of iceblast (24)
   (You found it in an ice cave)
 H - a wand of paralysis (8)
   (You found it on level 6 of the Dungeon)
 O - a wand of polymorph (8)
   (You found it on level 12 of the Dungeon)
 Q - a wand of acid (10)
   (You found it in a Gauntlet)
 Y - a wand of digging (12)
   (You found it on level 1 of the Lair of Beasts)
Scrolls
 h - 6 scrolls of fear
 m - 2 scrolls of fog
 t - a scroll of holy word
 y - 5 scrolls of blinking {!r}
 A - 2 scrolls of brand weapon
 C - a scroll of amnesia
 D - 7 scrolls of summoning
 I - a scroll of magic mapping {!r}
 W - 13 scrolls of identify {@r1}
Potions
 d - 8 potions of brilliance
 e - 2 potions of cancellation
 f - 8 potions of heal wounds {@q2}
 k - 5 potions of might
 l - a potion of resistance
 n - 2 potions of invisibility
 p - 20 potions of curing {@q1}
 q - 9 potions of attraction {!q}
 z - 9 potions of haste {@q3}
 B - 14 potions of mutation {!q}
 M - 3 potions of ambrosia
Miscellaneous
 j - a lightning rod (4/4)
   (You found it on level 2 of the Vaults)
 N - a condenser vane
   (You found it in a Gauntlet)
 T - a tin of tremorstones (2/2) {throwing}
   (You found it on level 6 of the Lair of Beasts)
 U - a box of beasts
   (You found it on level 9 of the Dungeon)

Dungeon Overview and Level Annotations

Branches:
Dungeon (15/15)            Temple (0/1) D:6            Lair (6/6) D:9
 Shoals (4/4) Lair:4       Spider (4/4) Lair:3        Slime (0/5) Lair:6
    Orc (2/2) D:11            Elf (0/3) Orc:2        Vaults (4/5) D:14
  Crypt (0/3) Vaults:2     Depths (0/4) D:15        Ossuary (visited)
 Bailey (visited)           IceCv (visited)         Gauntlet (visited)

Shops:
D:1 *   D:10 *   D:15 *   Orc:2 [*((   Shoals:1 (   Vaults:3 *

Portals:
Abyss: Shoals:2

Annotations:
D:6 2 runed translucent doors, Golfball's ghost, novice GrFi
Spider:2 2 transporters, Arachne; Theotherone's ghost, adept MiBe; safid's ghost, adept HOFi
Spider:4 Roxanne

...
..$
#..
..#
..##
.T#
#T###
#pT.#
#ยง@.#
#Tp.#
#...#
##+##


You could see 4 deep trolls, an ironbound convoker (catching breath) and a
wizard.


Message History

Your +3 rapier of Division {spect, rPois MP+9 Dex+3 SInv, short} hits the freezing wraith!
The freezing wraith hits you but does no damage.
The freezing wraith hits you.
* * * LOW HITPOINT WARNING * * *
The freezing wraith hits you but does no damage. x2 ๐Ÿ˜จ HP[-3]
You take 3 damage, and now have 50/141 hp.
You hit the freezing wraith.
Your +3 rapier of Division {spect, rPois MP+9 Dex+3 SInv, short} hits the freezing wraith!
The freezing wraith hits you but does no damage.
The freezing wraith hits you.
* * * LOW HITPOINT WARNING * * *
The freezing wraith drains your vigour!
You feel yourself slow down. ๐Ÿ˜จ MP[+1]
You barely miss the freezing wraith.
Your +3 rapier of Division {spect, rPois MP+9 Dex+3 SInv, short} hits the freezing wraith.
You block the freezing wraith's attack. x2 ๐Ÿ˜จ HP[+2]
You regained 2 hp, and now have 52/141 hp.
You closely miss the freezing wraith.
Your +3 rapier of Division {spect, rPois MP+9 Dex+3 SInv, short} closely misses the freezing wraith.
The freezing wraith hits you but does no damage. x2
The freezing wraith hits you.
* * * LOW HITPOINT WARNING * * *
The freezing wraith freezes you!
* * * LOW HITPOINT WARNING * * *
The freezing wraith hits you.
* * * LOW HITPOINT WARNING * * *
The freezing wraith drains your vigour!
You feel as though you will be slow longer. ๐Ÿ˜ฑ HP[-22] MP[+1]
You take 22 damage, and now have 30/141 hp.
You hit the freezing wraith but do no damage.
Your +3 rapier of Division {spect, rPois MP+9 Dex+3 SInv, short} hits the freezing wraith!
You destroy the freezing wraith!
Your +3 rapier of Division {spect, rPois MP+9 Dex+3 SInv, short} fades away. ๐Ÿ˜ฑ HP[+1]
You start resting.
An ironbound convoker opens the door.
It is wielding a +0 great mace. ๐Ÿ˜จ HP[+7] MP[+2]
You regained 7 hp, and now have 38/141 hp.
You regained 2 mp, and now have 12/52 mp.
Casting: Iskenderun's Mystic Blast (safe; 1% risk of failure)
Confirm with . or Enter, or press ? or * to list all spells.
Aiming: Orb of Destruction (dangerous; 4% risk of failure)
Press: ? - help, Shift-Dir - straight line, f - ironbound convoker
Aim: an ironbound convoker, wielding a +0 great mace and wearing a +0 scale mail (wandering, hasn't noticed you)
You miscast Orb of Destruction.
You are very lightly contaminated with residual magic.
You are blasted with magical energy!
* * * LOW HITPOINT WARNING * * *
The ironbound convoker shouts! ๐Ÿ˜ฑ HP[-9] MP[-6]
You take 9 damage, and now have 29/141 hp.
You lost 6 mp, and now have 6/52 mp.
You block the ironbound convoker's attack. ๐Ÿ˜ฑ HP[+2]
You regained 2 hp, and now have 31/141 hp.
You hit the ironbound convoker but do no damage.
Your +3 rapier of Division {spect, rPois MP+9 Dex+3 SInv, short} barely misses the ironbound convoker.
You feel yourself speed up.
The ironbound convoker hits you with a +0 great mace.
* * * LOW HITPOINT WARNING * * *
๐Ÿ˜ฑ HP[-5] MP[+1]
You take 5 damage, and now have 26/141 hp.
You hit the ironbound convoker.
Your +3 rapier of Division {spect, rPois MP+9 Dex+3 SInv, short} barely misses the ironbound convoker.
You block the ironbound convoker's attack. ๐Ÿ˜ฑ HP[+1]
You barely miss the ironbound convoker.
Your +3 rapier of Division {spect, rPois MP+9 Dex+3 SInv, short} hits the ironbound convoker but does no damage.
The ironbound convoker begins to recite a word of recall! ๐Ÿ˜ฑ HP[+1]
You hit the ironbound convoker but do no damage.
Your +3 rapier of Division {spect, rPois MP+9 Dex+3 SInv, short} misses the ironbound convoker. ๐Ÿ˜ฑ HP[+2] MP[+1]
You regained 2 hp, and now have 30/141 hp.
As you read the scroll of teleportation {@r4}, it crumbles to dust.
You feel strangely unstable. ๐Ÿ˜ฑ HP[+1]
You hit the ironbound convoker but do no damage.
Your +3 rapier of Division {spect, rPois MP+9 Dex+3 SInv, short} hits the ironbound convoker.
The deep troll is recalled.
The wizard is recalled.
The deep troll is recalled. x3
The ironbound convoker gestures at the deep troll while chanting.
The deep troll seems to grow stronger.
A deep troll comes into view.
The deep troll bites you but does no damage.
The deep troll barely misses you.
The deep troll claws you but does no damage. 2 deep trolls come into view. ๐Ÿ˜ฑ HP[+1]
You swap places.
The wizard hits you but does no damage.
You block the ironbound convoker's attack.
The deep troll misses you.
The deep troll claws you but does no damage. x2
The deep troll bites you!!
* * * LOW HITPOINT WARNING * * *
You block the deep troll's attack. The deep troll claws you!
You die...

Skill      XL: |  1  2  3  4  5  6  7  8  9 10 11 12 13 14 15 16 17 18 19 |
---------------+----------------------------------------------------------+-----
Conjurations   | 4 5 6 7 10 11 13 14 15 16 17 | 17.2
Stealth        | 2 3 4 |  4.3
Spellcasting   | 2 3 4 5 6 7 8 9 11 12 13 | 13.5
Dodging        | 2 3 4 5 |  5.6
Armour         | 1 2 3 4 5 6 7 8 9 |  9.5
Long Blades    | 1 2 4 5 7 |  7.0
Translocations | 2 8 9 10 11 | 11.7
Fighting       | 1 2 3 |  3.8
Evocations     | 2 |  2.6
Hexes          | 1 2 |  2.0
Fire Magic     | 8 14 18 21 | 21.8
Shields        | 1 |  1.2
Transmutations | |  0.5
Earth Magic    | |  0.5
Poison Magic   | |  0.6

Action                   |  1- 3 |  4- 6 |  7- 9 | 10-12 | 13-15 | 16-18 | 19-21 || total
-------------------------+-------+-------+-------+-------+-------+-------+-------++-------
Melee: Falchion          |       |    43 |    11 |       |       |       |       ||    54
       Short sword       |       |       |     8 |       |       |       |       ||     8
       Scimitar          |       |       |       |       |   190 |    57 |       ||   247
       Double sword      |       |       |       |       |    26 |     2 |       ||    28
       Punch             |       |       |       |       |     3 |       |       ||     3
       Rapier            |       |       |       |       |       |    77 |   107 ||   184
 Cast: Magic Dart        |    35 |    63 |    95 |    69 |   294 |   123 |     4 ||   683
       Searing Ray       |    16 |    44 |    81 |    81 |   276 |   110 |    14 ||   622
       Iskenderun's Myst |       |       |       |   112 |   441 |   464 |   174 ||  1191
       Fulminant Prism   |       |       |       |       |    16 |     2 |     1 ||    19
       Orb of Destructio |       |       |       |       |   106 |   430 |   158 ||   694
       Mephitic Cloud    |       |       |       |       |    11 |     6 |     1 ||    18
       Inner Flame       |       |       |       |       |    13 |     9 |     4 ||    26
       Flame Wave        |       |       |       |       |     3 |     8 |     1 ||    12
       Dispersal         |       |       |       |       |       |     1 |     1 ||     2
       Ignition          |       |       |       |       |       |       |    28 ||    28
       Blink             |       |       |       |       |       |       |     1 ||     1
Evoke: Wand              |       |       |       |    36 |    17 |    10 |     2 ||    65
       Tin of tremorston |       |       |       |       |       |       |     2 ||     2
       Box of beasts     |       |       |       |       |       |       |     1 ||     1
       Condenser vane    |       |       |       |       |       |       |     1 ||     1
  Use: Scroll            |     1 |    10 |    13 |     3 |    20 |     5 |    10 ||    62
       Potion            |       |       |     1 |     2 |     1 |     6 |     8 ||    18
 Stab: Distracted        |       |       |       |       |       |     2 |     2 ||     4
Armor: Scale mail        |       |    37 |    78 |    11 |   347 |    63 |       ||   536
       Robe              |       |     1 |       |       |       |       |       ||     1
       Ring mail         |       |       |       |    51 |    60 |       |       ||   111
       Chain mail        |       |       |       |       |    15 |   357 |   173 ||   545
Dodge: Dodged            |     3 |    36 |    41 |    92 |   346 |   229 |    84 ||   831
       Repelled          |       |       |       |       |       |     5 |     5 ||    10
Block: Buckler           |       |       |       |       |    36 |   153 |    75 ||   264

Levels and vault maps discovered:
D:1:      lightli_molten_gateway, layout_basic, shapermc_ecumenical_altar_petra,
          serial_bayou, serial_bayou_crossing, serial_bayou_lagoon_a,
          serial_bayou_pond_d, serial_bayou_shore_a, serial_shops,
          shop_fountains
D:2:      layout_basic, basic_altar
D:3:      layout_basic, portal_sewer_entry_e, kennysheep_generic_room_13,
          uniq_natasha
D:4:      layout_basic
D:5:      layout_loops_cross, enter_ossuary_2, uniq_eustachio
D:6:      layout_basic, minmay_temple_entry_crystal_x,
          ebering_ghost_disaster_area
D:7:      layout_rooms, mainiacjoe_overflow_alcove_4, uniq_prince_ribbit1
D:8:      layout_cave_pools, chequers_hall_statues_y
D:9:      layout_loops_ring, david_lair_generic, enter_bailey_3, laboratory
D:10:     nzn_winding_woodlands_large [nzn_winding_woodlands_5x5_default,
          nzn_winding_woodlands_5x15_default, nzn_winding_woodlands_5x5_default,
          nzn_winding_woodlands_center_lodge,
          nzn_winding_woodlands_15x15_killbox,
          nzn_winding_woodlands_center_garden, nzn_winding_woodlands_5x5_cross,
          nzn_winding_woodlands_5x15_split_checker,
          nzn_winding_woodlands_5x5_checkerboard], layout_stronghold,
          serial_shops, nicolae_shop_waterfront
D:11:     layout_stronghold, orc_0_dummy, uniq_urug, uniq_maurice
D:12:     minmay_box_of_curves, layout_layer_cave, kennysheep_flooded_box
D:13:     layout_roguey, uniq_josephine
D:14:     layout_loops_ring, david_vaults_1, ashenzari_altar_1,
          gauntlet_entry_generic
D:15:     grunt_enter_depths_hoard, layout_basic, minmay_misc_feat_rugged,
          nicolae_elemental_shop, nicolae_ru_great_annihilating_truth
Lair:1:   layout_chaotic_city, portal_ice_cave_entry_pillars_2, st_stairs_13
Lair:2:   layout_roguey, st_stairs_11, kennysheep_abandoned_house, uniq_erica
Lair:3:   layout_hall_layers, hellmonk_spider_entry_life_and_decay,
          infiniplex_staircase_pool, uniq_fannar
Lair:4:   layout_cave_pods, minmay_shoals_entry_centaurs, grunt_megastairs_1,
          lemuel_fruit_fields, uniq_sonja
Lair:5:   mu_elephants_graveyard, layout_regular_city, basic_altar,
          infiniplex_staircase_pool_2, uniq_snorg
Lair:6:   due_jungle_book, layout_regular_city, minmay_slime_entry_jelly_boxes
Shoals:1: layout_shoals, serial_shops, nicolae_shop_bloodbath_and_beyond,
          nicolae_shoals_water_elemental_grotto
Shoals:2: layout_shoals, nicolae_shoals_abyss_on_the_beach, uniq_jorgrun
Shoals:3: layout_shoals, uniq_polyphemus
Shoals:4: shoals_end_grunt_ice, layout_shoals, shoals_ilsuiw_alternative
Spider:1: layout_spider_delve, drop_trap, uniq_rupert, uniq_aizul
Spider:2: layout_chambers, nzn_ghost_randoct, uniq_donald
Spider:3: layout_spider_delve, drop_trap, nicolae_spider_cling_halls
Spider:4: grunt_spider_rune_parallel, uniq_roxanne
Orc:1:    layout_caves, kennysheep_orc_chapel
Orc:2:    st_orc_pillars, layout_caves, uniq_erolcha, uniq_nessos
Vaults:1: st_more_cells, hangedman_vaults_hat, v_misc_31, ontoclasm_vaults_spin,
          ontoclasm_vaults_bender, nicolae_vaults_big_angled_halls,
          vaults_room_pool, ontoclasm_vaults_ring_small,
          ontoclasm_vaults_decontamination, v_misc_5, ontoclasm_vaults_hangar,
          vaults_room_semicircle, nicolae_vaults_border_crossing,
          layout_vaults_omnicross
Vaults:2: nicolae_vaults_alarming, vaults_room_glass_cross,
          minmay_crypt_entry_simple_walls, v_alt_pattern_6,
          hangedman_vaults_nails, v_misc_33, hangedman_vaults_pinch,
          hangedman_vaults_river_flow, vaults_room_octagon, serial_ice_m,
          ontoclasm_vaults_tryst, nicolae_vaults_asterisk,
          vaults_room_stairs_pillars, vaults_room_pool, layout_vaults_omnibox,
          serial_shops, bzr_firewalk
Vaults:3: st_squares, v_misc_16, vaults_dpeg_cross, v_misc_30,
          nicolae_vaults_windows_and_doors_thing, v_misc_24,
          nicolae_vaults_shelves_hall, nicolae_vaults_specimen_jars,
          nicolae_vaults_mini_display_case, layout_vaults_big_room,
          serial_shops, nicolae_shop_hallway_stairs
Vaults:4: vaults_room_pools, hangedman_vaults_capsules,
          nicolae_vaults_diagonal_hallway_6, v_misc_25, dpeg_vaults_waves,
          grunt_vaults_hallway_short, grunt_vaults_bifocal,
          nicolae_vaults_ninety_degrees, v_rooms_2,
          nicolae_vaults_network_quincunx
          [nicolae_vaults_network_quincunx_subvault,
          nicolae_vaults_network_quincunx_subvault,
          nicolae_vaults_network_quincunx_subvault,
          nicolae_vaults_network_quincunx_subvault,
          nicolae_vaults_network_quincunx_subvault], hangedman_vaults_slice,
          vaults_room_fours, v_misc_17, hangedman_vaults_stretched_pinwheel,
          v_misc_19, layout_vaults_maze, serial_shops, nicolae_shop_crystal

Notes
Turn   | Place    | Note
-------+----------+-------------------------------------------
     0 | D:1      | mortz the Demigod Conjurer began the quest for the Orb.
     0 | D:1      | Reached XP level 1. HP: 14/14 MP: 5/5
     0 | D:1      | magus.rc [v1.9.6]
   236 | D:1      | Reached skill level 4 in Conjurations
   266 | D:1      | Reached XP level 2. HP: 20/20 MP: 4/7
   269 | D:1      | Learned a level 2 spell: Searing Ray
   914 | D:1      | Found Zywis's Assorted Antiques.
   941 | D:1      | Bought 3 scrolls labelled GULOOHOCZA for 54 gold pieces
   952 | D:1      | You pick up a book of Burglary and begin reading...
   952 | D:1      | You add the spells Passwall, Ensorcelled Hibernation and
                  | Swiftness to your library.
  1362 | D:2      | Reached skill level 2 in Stealth
  1362 | D:2      | Reached XP level 3. HP: 26/26 MP: 4/8
  1499 | D:2      | Reached skill level 2 in Spellcasting
  1891 | D:2      | Reached skill level 5 in Conjurations
  1891 | D:2      | Reached XP level 4. HP: 33/33 MP: 5/9
  2567 | D:3      | Reached skill level 2 in Dodging
  2726 | D:3      | Noticed Natasha
  2729 | D:3      | Killed Natasha
  2779 | D:3      | Noticed Natasha
  2834 | D:3      | Killed Natasha
  3078 | D:3      | Reached XP level 5. HP: 38/38 MP: 7/11
  3162 | D:3      | Found a glowing drain.
  3338 | D:3      | Noticed Natasha
  3342 | D:3      | Killed Natasha
  3471 | D:3      | Identified the +3 scale mail "Tewkofik" {Fly Will++ Int-3}
  3514 | D:3      | Reached skill level 3 in Spellcasting
  3948 | D:4      | Reached XP level 6. HP: 44/45 MP: 5/14
  4136 | D:4      | You pick up a book of Blood and begin reading...
  4136 | D:4      | You add the spells Sublimation of Blood, Wereblood and
                  | Summon Hydra to your library.
  4880 | D:5      | Entered Level 5 of the Dungeon
  4959 | D:5      | Reached skill level 6 in Conjurations
  4989 | D:5      | Found a sand-covered staircase.
  4994 | Ossuary  | Entered an ossuary
  5101 | Ossuary  | Reached skill level 3 in Stealth
  5359 | Ossuary  | Reached skill level 1 in Armour
  5645 | D:5      | Reached XP level 7. HP: 50/50 MP: 9/15
  6019 | D:5      | Reached skill level 2 in Armour
  6068 | D:5      | Noticed Eustachio
  6148 | D:5      | Killed Eustachio
  6149 | D:5      | Reached skill level 4 in Spellcasting
  6215 | D:5      | Reached skill level 1 in Long Blades
  6215 | D:5      | Reached skill level 3 in Dodging
  6688 | D:1      | Bought a blue potion for 16 gold pieces
  6688 | D:1      | Bought a pair of gloves for 81 gold pieces
  6688 | D:1      | Bought a bubbling green potion for 16 gold pieces
  6688 | D:1      | Bought a fizzy cyan potion for 16 gold pieces
  6688 | D:1      | Bought a scroll of identify for 36 gold pieces
  6797 | D:6      | Noticed a shadow
  6855 | D:6      | Killed a shadow
  6856 | D:6      | Reached XP level 8. HP: 51/58 MP: 8/18
  6970 | D:6      | Found a large runed translucent door.
  6971 | D:6      | Found a large runed translucent door.
  6974 | D:6      | Noticed Golfball's ghost (novice GrFi)
  7017 | D:6      | You pick up a book of Dangerous Friends and begin
                  | reading...
  7017 | D:6      | You add the spells Summon Guardian Golem, Orb of
                  | Destruction and Spellforged Servitor to your library.
  7246 | D:6      | Reached skill level 5 in Spellcasting
  7430 | D:6      | Found a staircase to the Ecumenical Temple.
  7521 | D:6      | Reached skill level 3 in Armour
  7641 | D:6      | Reached skill level 7 in Conjurations
  7842 | D:6      | You pick up a book of Minor Magic and begin reading...
  7842 | D:6      | You add the spells Call Imp and Mephitic Cloud to your
                  | library.
  7907 | D:6      | magus.rc [v1.9.6]
  7915 | D:7      | Reached skill level 1 in Translocations
  8037 | D:7      | magus.rc [v1.9.6]
  8142 | D:7      | magus.rc [v1.9.6]
  8299 | D:7      | Noticed Prince Ribbit
  8312 | D:7      | Killed Prince Ribbit
  8313 | D:7      | Reached skill level 2 in Translocations
  8713 | D:8      | Reached skill level 1 in Fighting
  8713 | D:8      | Reached skill level 2 in Long Blades
  8857 | D:7      | Reached XP level 9. HP: 36/64 MP: 8/21
  8956 | D:6      | Reached skill level 4 in Armour
  9122 | D:8      | Reached skill level 6 in Spellcasting
  9122 | D:8      | Reached skill level 8 in Conjurations
  9238 | D:8      | Reached skill level 3 in Translocations
  9876 | D:8      | You pick up a book of the Moon and begin reading...
  9876 | D:8      | You add the spells Passage of Golubria, Silence and
                  | Lehudib's Crystal Spear to your library.
 10446 | D:9      | Found a flagged portal.
 10452 | Bailey   | Entered a bailey
 10739 | Bailey   | Reached skill level 10 in Conjurations
 10739 | Bailey   | Reached skill level 8 in Translocations
 10739 | Bailey   | Reached XP level 10. HP: 72/72 MP: 23/23
 10745 | Bailey   | Learned a level 4 spell: Iskenderun's Mystic Blast
 10749 | Bailey   | Reached skill level 7 in Spellcasting
 10749 | Bailey   | Reached skill level 11 in Conjurations
 10749 | Bailey   | Reached skill level 9 in Translocations
 10749 | Bailey   | Reached XP level 11. HP: 78/78 MP: 24/26
 10759 | Bailey   | magus.rc [v1.9.6]
 11065 | Bailey   | Noticed an orc knight
 11084 | Bailey   | Killed an orc knight
 11363 | D:9      | You are sucked into a shaft and drop 3 floors!
 11380 | D:11     | Noticed Maurice
 11385 | D:11     | magus.rc [v1.9.6]
 11393 | D:11     | Killed Maurice
 11611 | D:11     | Noticed a rakshasa
 11647 | D:10     | Entered Level 10 of the Dungeon
 11732 | D:10     | Noticed a boulder beetle
 11787 | D:9      | Identified the +0 ring mail of the Zebra {+Inv Will++
                  | Int+4}
 11891 | D:9      | magus.rc [v1.9.6]
 11950 | D:9      | Found a staircase to the Lair.
 12263 | D:9      | Reached XP level 12. HP: 82/85 MP: 10/27
 12477 | D:9      | Reached skill level 5 in Armour
 12687 | D:9      | Reached skill level 2 in Fighting
 13109 | D:9      | Reached skill level 12 in Conjurations
 13493 | D:10     | Killed a boulder beetle
 13494 | D:10     | Reached skill level 4 in Stealth
 13644 | D:10     | Reached skill level 8 in Spellcasting
 13652 | D:10     | Reached skill level 4 in Dodging
 13652 | D:10     | Reached skill level 1 in Evocations
 14092 | D:10     | Noticed a fire dragon
 14216 | D:10     | Killed a fire dragon
 14354 | D:10     | Reached skill level 10 in Translocations
 14823 | D:10     | Noticed a boulder beetle
 14998 | D:10     | Reached skill level 13 in Conjurations
 15435 | D:10     | Killed a boulder beetle
 15857 | D:10     | Found Meyggi's Assorted Antiques.
 16186 | D:10     | Noticed a boulder beetle
 16204 | D:10     | Killed a boulder beetle
 16205 | D:10     | Reached skill level 2 in Evocations
 16615 | D:10     | Reached XP level 13. HP: 93/93 MP: 16/30
 17011 | D:10     | Bought an inky potion for 23 gold pieces
 17417 | Lair:1   | Entered Level 1 of the Lair of Beasts
 17418 | Lair:1   | magus.rc [v1.9.6]
 17998 | Lair:1   | Found a frozen archway.
 18007 | IceCv    | Entered an ice cave
 18017 | IceCv    | Reached skill level 9 in Spellcasting
 18187 | IceCv    | Reached skill level 14 in Conjurations
 18205 | IceCv    | HP: 22/93 [polar bear (4)]
 18602 | IceCv    | Learned a level 2 spell: Passwall
 18668 | IceCv    | Noticed a frost giant
 18681 | IceCv    | Reached skill level 3 in Long Blades
 18682 | IceCv    | Killed a frost giant
 18826 | IceCv    | X - a +0 double sword of freezing {longrare}
 18842 | IceCv    | You add the spells Frozen Ramparts, Summon Ice Beast and
                  | Ozocubu's Refrigeration to your library.
 18842 | IceCv    | Got the Handbook of Cold
 18849 | IceCv    | You drop a +0 double sword of freezing {longrare}.
 18859 | IceCv    | a +0 double sword of freezing {longrare}; a staff of earth
                  | {!astaff}; a +0 dagger of electrocution {short}
 18859 | IceCv    | X - a +0 double sword of freezing {longrare}
 18929 | IceCv    | Reached skill level 6 in Armour
 18958 | IceCv    | Reached skill level 3 in Fighting
 19347 | IceCv    | Reached skill level 4 in Long Blades
 19736 | IceCv    | Learned a level 4 spell: Fulminant Prism
 20929 | Lair:1   | magus.rc [v1.9.6]
 20969 | Lair:1   | your +0 double sword of freezing {longrare} glows red for a
                  | moment.
 20970 | Lair:1   | your +1 double sword of freezing {longrare} glows red for a
                  | moment.
 20971 | Lair:1   | your +2 double sword of freezing {longrare} glows red for a
                  | moment.
 20972 | Lair:1   | your +3 double sword of freezing {longrare} glows with a
                  | cold blue light!
 20972 | Lair:1   | X - a +3 double sword of freezing (weapon) {longrare}
 21358 | Lair:2   | Reached skill level 1 in Hexes
 21978 | Lair:2   | Reached skill level 5 in Dodging
 22506 | Lair:2   | Identified the +6 scale mail of Sif Muna {Will+ Int+3}
 22598 | Lair:2   | Noticed Erica
 22599 | Lair:2   | your +3 double sword of freezing {longrare} stops glowing.
 22614 | Lair:2   | Killed Erica
 23037 | Lair:2   | Reached XP level 14. HP: 102/102 MP: 5/32
 23494 | Lair:3   | Noticed Fannar
 23512 | Lair:3   | Killed Fannar
 23691 | Lair:3   | You pick up a book of Scorching and begin reading...
 23691 | Lair:3   | You add the spells Scorch, Flame Wave and Summon Cactus
                  | Giant to your library.
 23696 | Lair:3   | Learned a level 3 spell: Mephitic Cloud
 23701 | Lair:3   | Learned a level 4 spell: Flame Wave
 23709 | Lair:3   | Learned a level 7 spell: Orb of Destruction
 23714 | Lair:3   | Found a hole to the Spider Nest.
 24792 | Lair:4   | Found a staircase to the Shoals.
 25476 | Lair:4   | Reached skill level 7 in Armour
 25665 | Lair:4   | Noticed Sonja
 25676 | Lair:4   | Killed Sonja
 25677 | Lair:4   | Reached skill level 10 in Spellcasting
 26066 | Lair:5   | Reached skill level 11 in Translocations
 26520 | Lair:5   | Reached skill level 15 in Conjurations
 27353 | Lair:5   | Noticed Snorg
 28311 | Lair:5   | Reached skill level 5 in Long Blades
 29462 | Lair:5   | magus.rc [v1.9.6]
 29505 | Lair:5   | Killed Snorg
 29646 | Lair:6   | Entered Level 6 of the Lair of Beasts
 30612 | Lair:6   | You pick up a book of Hexes and begin reading...
 30612 | Lair:6   | You add the spells Inner Flame, Cause Fear and Discord to
                  | your library.
 30617 | Lair:6   | Learned a level 3 spell: Inner Flame
 30849 | Lair:6   | Found a staircase to the Slime Pits.
 31562 | Lair:6   | Reached skill level 11 in Spellcasting
 33433 | Lair:6   | Reached XP level 15. HP: 107/107 MP: 20/35
 34361 | Lair:6   | You pick up a book of Death and begin reading...
 34361 | Lair:6   | You add the spells Animate Dead, Haunt and Infestation to
                  | your library.
 34453 | Lair:6   | magus.rc [v1.9.6]
 34690 | D:11     | Noticed Urug
 34696 | D:11     | Killed Urug
 34979 | D:11     | Found a staircase to the Orcish Mines.
 35053 | D:11     | Reached skill level 6 in Long Blades
 35981 | D:11     | Reached skill level 8 in Armour
 36627 | D:12     | Identified the ring of Dated {Fire Dex+4}
 36661 | D:12     | Noticed a tengu reaver
 36664 | D:12     | Killed a tengu reaver
 36809 | D:12     | Identified the amulet "Ynajykhlavim" {Acrobat Fragile rPois
                  | rC- MP+9}
 37608 | D:12     | Reached skill level 16 in Conjurations
 38711 | D:12     | magus.rc [v1.9.6]
 38850 | Orc:1    | Entered Level 1 of the Orcish Mines
 39020 | Orc:1    | Reached skill level 12 in Spellcasting
 39230 | D:11     | magus.rc [v1.9.6]
 39372 | Orc:2    | Entered Level 2 of the Orcish Mines
 39517 | Orc:2    | Noticed Erolcha
 39520 | Orc:2    | Killed Erolcha
 39717 | Orc:2    | Noticed Nessos
 39721 | Orc:2    | Killed Nessos
 40962 | Orc:2    | Found a staircase to the Elven Halls.
 41786 | Orc:1    | magus.rc [v1.9.6]
 42761 | Orc:2    | Reached skill level 7 in Long Blades
 43044 | Orc:2    | Found Hicky's Armour Shop.
 43047 | Orc:2    | Found Wucsex's Weapon Boutique.
 43048 | Orc:2    | Found Zobb's Weapon Shop.
 43049 | Orc:2    | Found Jaoramma's Assorted Antiques.
 43056 | Orc:2    | Bought the +12 chain mail "Emuinoh" {rN+ rCorr Str+4 Int+2}
                  | for 1032 gold pieces
 43497 | Orc:2    | Bought a scroll of identify for 60 gold pieces
 44250 | D:13     | Noticed Josephine
 44524 | D:13     | Killed Josephine
 45154 | D:14     | Found a gate leading to a gauntlet.
 45158 | Gauntlet | Entered a Gauntlet
 45158 | Gauntlet | Found a transporter.
 45158 | Gauntlet | Found a transporter.
 45159 | Gauntlet | Found a transporter.
 45162 | Gauntlet | Found a transporter.
 45162 | Gauntlet | Found a transporter.
 45207 | Gauntlet | Found a transporter.
 45222 | Gauntlet | Found a transporter.
 45228 | Gauntlet | Found a transporter.
 45239 | Gauntlet | Found a transporter.
 45254 | Gauntlet | Found a transporter.
 45262 | Gauntlet | Found a transporter.
 45279 | Gauntlet | Found a transporter.
 45704 | Gauntlet | Identified the +2 leather armour of Ynanocad {Str+7}
 45705 | Gauntlet | You add the spells Excruciating Wounds and Ignition to your
                  | library.
 45705 | Gauntlet | Got the Tome of the Dark Volcanoes
 46027 | Orc:2    | Bought a scroll of enchant armour for 225 gold pieces
 46553 | D:14     | Reached XP level 16. HP: 116/116 MP: 11/38
 46798 | D:14     | Got the Compendium of Virous Curses
 47166 | D:14     | Found a gate to the Vaults.
 47269 | D:15     | Entered Level 15 of the Dungeon
 47563 | D:15     | Reached skill level 2 in Hexes
 47809 | D:15     | Found Dacih's Elemental Accessories.
 47817 | D:15     | Bought the Tome of Ignition for 352 gold pieces
 47817 | D:15     | You add the spells Conjure Flame and Ignite Poison to your
                  | library.
 47896 | D:15     | Reached skill level 1 in Fire Magic
 47899 | D:15     | Reached skill level 9 in Armour
 47899 | D:15     | Reached skill level 13 in Spellcasting
 48881 | D:15     | Found a staircase to the Depths.
 49184 | Spider:1 | Entered Level 1 of the Spider Nest
 49184 | Spider:1 | Noticed Rupert
 49189 | Spider:1 | Killed Rupert
 49279 | Spider:1 | Reached skill level 17 in Conjurations
 49279 | Spider:1 | Reached skill level 2 in Fire Magic
 49391 | Spider:1 | Reached skill level 1 in Shields
 49671 | Spider:1 | HP: 29/116 [disintegration (31)]
 49811 | Spider:1 | Noticed Aizul
 49946 | Spider:1 | Killed Aizul
 50672 | Spider:1 | You pick up a book of the Warp and begin reading...
 50672 | Spider:1 | You add the spells Dispersal and Disjunction to your
                  | library.
 50680 | Spider:1 | Learned a level 6 spell: Dispersal
 50730 | Spider:1 | You pick up a book of Lightning and begin reading...
 50730 | Spider:1 | You add the spells Static Discharge, Lightning Bolt and
                  | Maxwell's Capacitive Coupling to your library.
 51045 | Spider:2 | Reached skill level 3 in Fire Magic
 51370 | Spider:2 | Reached skill level 4 in Fire Magic
 51512 | Spider:2 | Found a transporter.
 51514 | Spider:2 | Noticed Theotherone's ghost (adept MiBe)
 51531 | Spider:2 | Noticed safid's ghost (adept HOFi)
 51536 | Spider:2 | Found a transporter.
 51820 | Spider:2 | Noticed Arachne
 52142 | Spider:2 | Reached skill level 5 in Fire Magic
 52618 | Spider:2 | Reached skill level 6 in Fire Magic
 53067 | Spider:2 | Noticed Donald
 53082 | Spider:2 | Killed Donald
 53084 | Spider:2 | a +2 double sword of holy wrath {longrare}; a +0 plate
                  | armour; a +1 kite shield of reflection
 53284 | Spider:2 | a +2 double sword of holy wrath {longrare}; a +0 plate
                  | armour; a +1 kite shield of reflection
 53284 | Spider:2 | a +2 double sword of holy wrath {longrare}; a +0 plate
                  | armour; a +1 kite shield of reflection
 53284 | Spider:2 | Could not pick up a +2 double sword of holy wrath
                  | {longrare} here; ([A]lways) ignore it?
 53389 | Spider:2 | Reached skill level 7 in Fire Magic
 53623 | Spider:2 | Identified the +1 war axe "Don Riuc" {freeze, Fragile rPois
                  | rF+ Will+}
 53712 | Spider:2 | your +3 double sword of freezing {longrare} glows with a
                  | cold blue light!
 53712 | Spider:2 | X - a +3 double sword of freezing (weapon) {longrare}
 54026 | Spider:2 | your +3 double sword of freezing {longrare} stops glowing.
 54887 | Spider:3 | Reached skill level 8 in Fire Magic
 55120 | Spider:3 | Reached XP level 17. HP: 122/122 MP: 26/39
 56075 | Spider:4 | Entered Level 4 of the Spider Nest
 56080 | Spider:3 | magus.rc [v1.9.6]
 56116 | Spider:4 | Reached skill level 9 in Fire Magic
 56962 | Spider:3 | Reached skill level 10 in Fire Magic
 57387 | Spider:4 | Identified Roxanne's Catalogue of Earth
 57387 | Spider:4 | Noticed Roxanne
 57389 | Spider:4 | magus.rc [v1.9.6]
 57409 | Spider:4 | Identified the +3 rapier of Division {spect, rPois MP+9
                  | Dex+3 SInv}
 58150 | Spider:4 | Reached skill level 11 in Fire Magic
 59327 | Spider:4 | Got a gossamer rune of Zot
 59385 | Spider:4 | Identified the +1 plate armour "Etienuce" {rF- Str+4
                  | Slay+3}
 59518 | Spider:2 | a +1 kite shield of reflection; a +0 plate armour; a +2
                  | double sword of holy wrath {longrare}
 59796 | Shoals:1 | Entered Level 1 of the Shoals
 59899 | Shoals:1 | Found Tuniod's Weapon Shoppe.
 59914 | Shoals:1 | Reached skill level 12 in Fire Magic
 61653 | Shoals:1 | magus.rc [v1.9.6]
 62215 | Shoals:2 | Noticed Jorgrun
 62230 | Shoals:2 | Killed Jorgrun
 62231 | Shoals:2 | Reached skill level 13 in Fire Magic
 62408 | Shoals:1 | Identified a scroll of acquirement
 62410 | Shoals:1 | Acquired an Inescapable Atlas
 62411 | Shoals:1 | You add the spells Blink, Manifold Assault and Storm Form
                  | to your library.
 62415 | Shoals:1 | Learned a level 2 spell: Blink
 62815 | Shoals:2 | Found a runed translucent door.
 62819 | Shoals:2 | Found a one-way gate to the infinite horrors of the Abyss.
 63003 | Shoals:1 | magus.rc [v1.9.6]
 63410 | Shoals:2 | Gained mutation: You are dopey. (Int -2) [a neqoxec]
 63559 | Shoals:2 | magus.rc [v1.9.6]
 64452 | Shoals:3 | Noticed Polyphemus
 64459 | Shoals:3 | Killed Polyphemus
 64657 | Shoals:3 | Reached skill level 14 in Fire Magic
 65298 | Shoals:3 | Reached XP level 18. HP: 128/128 MP: 39/41
 65416 | Shoals:3 | magus.rc [v1.9.6]
 65417 | Shoals:4 | Entered Level 4 of the Shoals
 65613 | Shoals:4 | Noticed Ilsuiw
 67011 | Shoals:4 | Identified the +8 rapier "Gaecy" {drain, rF+ Will+}
 67023 | Shoals:4 | Reached skill level 15 in Fire Magic
 67832 | Shoals:3 | magus.rc [v1.9.6]
 68034 | Shoals:4 | You pick up a book of Winter and begin reading...
 68034 | Shoals:4 | You add the spells Ozocubu's Armour, Metabolic Englaciation
                  | and Simulacrum to your library.
 68357 | Shoals:4 | Killed Ilsuiw
 69716 | Shoals:4 | Identified the +9 ice dragon scales of Lust {rF- rC++ Int+4
                  | Dex+2 SInv}
 70076 | Shoals:4 | Reached skill level 16 in Fire Magic
 70534 | Shoals:4 | Got a barnacled rune of Zot
 71178 | Vaults:1 | Entered Level 1 of the Vaults
 72253 | Vaults:1 | Reached skill level 17 in Fire Magic
 72868 | D:14     | magus.rc [v1.9.6]
 74404 | Vaults:1 | Reached skill level 18 in Fire Magic
 74518 | Vaults:1 | You fall into a shaft and drop 1 floor!
 74657 | Vaults:2 | Reached XP level 19. HP: 135/135 MP: 7/42
 76906 | Vaults:1 | Reached skill level 19 in Fire Magic
 77139 | Vaults:2 | Paralysed by a sphinx for 7 turns
 77338 | Vaults:1 | magus.rc [v1.9.6]
 78415 | Vaults:2 | Found a staircase to the Crypt.
 79918 | Vaults:2 | Reached skill level 20 in Fire Magic
 80389 | Vaults:2 | magus.rc [v1.9.6]
 81012 | Vaults:3 | You pick up a book of Vapours and begin reading...
 81023 | Vaults:3 | Learned a level 8 spell: Ignition
 81302 | Vaults:3 | Found Tahigub's Assorted Antiques.
 81730 | Vaults:2 | magus.rc [v1.9.6]
 82290 | Vaults:3 | You pick up a book of Debilitation and begin reading...
 82290 | Vaults:3 | You add the spells Slow, Vampiric Draining and Confusing
                  | Touch to your library.
 82890 | Vaults:3 | Reached skill level 21 in Fire Magic
 83916 | Vaults:3 | Reached XP level 20. HP: 140/141 MP: 35/43
 84690 | Vaults:4 | HP: 31/141 [fire giant/bolt of fire (41)]
 84694 | Vaults:4 | HP: 15/141 [deep troll[an ironbound preserver] (11)]
 84694 | Vaults:4 | HP: 7/141 [something/+2 great sword of flaming (8)]
 84699 | Vaults:4 | HP: 14/141 [deep troll[an ironbound preserver] (9)]
 84713 | Vaults:4 | HP: 34/141 [freezing wraith (17)]
 84719 | Vaults:4 | HP: 27/141 [something (11)]
 84727 | Vaults:4 | HP: 6/141 [deep troll[an ironbound preserver] (27)]
 84727 | Vaults:4 | Slain by a deep troll

Vanquished Creatures
  Jorgrun (Shoals:2)
  Rupert (Spider:1)
  3 sphinxes
  Polyphemus (Shoals:3)
  A tengu reaver (D:12)
  Donald (Spider:2)
  Ilsuiw (Shoals:4)
  7 vault wardens
  2 frost giants
  2 emperor scorpions (Spider:4)
  4 ghost moths
  Aizul (Spider:1)
  A balrug (Gauntlet)
  5 war gargoyles
  An orc warlord (Vaults:2)
  6 very ugly things
  17 ironbound preservers
  3 broodmothers
  6 ironbound thunderhulks
  3 stone giants
  A deep elf annihilator (Vaults:3)
  A deep elf demonologist (Vaults:1)
  Nessos (Orc:2)
  A minotaur (Gauntlet)
  6 entropy weavers
  9 dire elephants
  An eidolon (Vaults:2)
  2 spark wasps (Spider:4)
  Snorg (Lair:5)
  A crystal guardian (Vaults:2)
  11 merfolk impalers
  7 merfolk javelineers
  2 great orbs of eyes (Vaults:3)
  Josephine (D:13)
  A rakshasa (D:11)
  4 yaktaur captains
  4 vault guards
  8 hydras
  4 peacekeepers
  2 fire dragons
  An ice dragon (D:15)
  2 catoblepae
  Erolcha (Orc:2)
  5 alligator snapping turtles (Shoals:4)
  7 boulder beetles
  Fannar (Lair:3)
  9 two-headed ogres
  3 radroaches
  Erica (Lair:2)
  A jorogumo (Spider:1)
  11 centaur warriors
  9 ironbound frosthearts
  2 tengu warriors (D:12)
  6 merfolk aquamancers
  A satyr (Shoals:4)
  A deep troll earth mage (D:12)
  14 death yaks
  A thrashing horror (Shoals:2)
  8 orc high priests
  Sonja (Lair:4)
  Urug (D:11)
  A hell knight (Vaults:3)
  2 sixfirhies (Gauntlet)
  10 pharaoh ants
  A fire crab (shapeshifter) (D:12)
  A spectral anaconda (Lair:6)
  A skeletal warrior (Vaults:2)
  3 sun moths
  14 sea snakes
  9 orb spiders
  A spectral death yak (Lair:6)
  A phantasmal warrior (Vaults:2)
  51 deep trolls
  14 wizards
  A kraken simulacrum (Shoals:4)
  13 ironbound convokers
  5 deep elf pyromancers
  An obsidian statue (Lair:6)
  6 necromancers
  9 lindwurms
  9 steelbarb worms
  5 orc sorcerers
  10 harpies
  19 wolf spiders
  9 orc knights
  39 ugly things
  15 manticores
  10 fauns
  A human zombie (Vaults:3)
  8 cyclopes
  2 dire elephant zombies (Lair:6)
  Maurice (D:11)
  9 merfolk sirens
  A stone giant skeleton (Vaults:3)
  An apocalypse crab (Shoals:2)
  An ice statue (IceCv)
  21 elephants
  5 black mambas
  4 water nymphs
  6 torpor snails
  15 cane toads
  17 vault sentinels
  3 gargoyles
  9 komodo dragons
  13 yaktaurs
  An efreet (D:13)
  6 rime drakes
  A yaktaur (shapeshifter) (Vaults:3)
  15 demonic crawlers
  A freezing wraith (Vaults:4)
  7 polar bears
  A merfolk (shapeshifter) (Vaults:1)
  11 trolls
  A hornet (D:8)
  13 meliai
  36 merfolk
  31 tarantellas
  7 wind drakes
  Prince Ribbit (D:7)
  10 blink frogs (Lair:5)
  12 dream sheep
  37 slime creatures
  6 large abominations
  11 snapping turtles
  A spriggan (Lair:5)
  A shadow (D:6)
  69 yaks
  4 vampires
  38 jumping spiders
  19 water elementals
  20 culicivoras
  10 wraiths
  Eustachio (D:5)
  6 wyverns
  4 basilisks
  54 redbacks
  A redback simulacrum (D:13)
  2 steam dragons
  2 neqoxecs (Shoals:2)
  7 vampire mosquitoes
  A chaos spawn (Shoals:2)
  An acid dragon (D:10)
  An ogre zombie (Vaults:3)
  2 wargs
  8 water moccasins
  2 black bears
  41 orc warriors
  4 ogres
  2 ice beasts
  An elephant zombie (Lair:6)
  6 boggarts
  18 centaurs
  A snapping turtle zombie (Shoals:2)
  7 small abominations (D:9)
  14 wolves
  An elephant skeleton (Lair:6)
  4 kobold brigands
  11 bullfrogs
  3 gnoll sergeants
  A scorpion (D:7)
  2 water moccasin zombies
  A cane toad simulacrum (Lair:6)
  A water moccasin skeleton (D:4)
  A killer bee (D:10)
  An elephant simulacrum (Lair:6)
  5 wights
  An electric eel (Spider:1)
  8 howler monkeys
  A bullfrog zombie (D:5)
  9 centaur zombies
  5 hounds
  A centaur skeleton (D:4)
  14 jellies
  23 orc priests
  A gnoll shaman (Orc:1)
  5 iguanas
  Natasha (thrice) (D:3)
  17 orc wizards
  15 hell rats
  8 mummies (Ossuary)
  A howler monkey skeleton (D:5)
  16 gnolls
  4 adders
  6 river rats
  3 shadow imps
  A white imp (Vaults:2)
  An ufetubus (D:7)
  An adder skeleton (D:5)
  4 dart slugs
  97 orcs
  12 ball pythons
  12 bats
  11 endoplasms
  5 giant cockroaches
  9 goblins
  12 hobgoblins
  23 kobolds
  3 quokkas
  2 frilled lizards
  3 hobgoblin zombies (Ossuary)
  3 kobold zombies (Ossuary)
  2 orc zombies (Ossuary)
  10 rats
  A butterfly (Shoals:1)
1538 creatures vanquished.

Vanquished Creatures (collateral kills)
  A wolf spider (Spider:4)
1 creature vanquished.

Vanquished Creatures (others)
  A polar bear (IceCv)
  A vampire mosquito (D:13)
  19 fulminant prisms
  119 fungi
  212 plants
  8 tentacles (Shoals:4)
  27 withered plants (Lair:6)
387 creatures vanquished.

Grand Total: 1926 creatures vanquished

Table legend:
 A = Non-vault XP
 B = Vault XP
 C = Vault XP percentage of total XP
 D = Non-vault monster count
 E = Vault monster count
 F = Vault count percentage of total count
                 A         B        C        D         E       F
            +---------+---------+-------+---------+---------+-------
      Total |  342988 |  225422 |  39.7 |    1012 |     527 |  34.2
            +---------+---------+-------+---------+---------+-------
        D:1 |      33 |       0 |   0.0 |      18 |       0 |   0.0
        D:2 |     103 |       0 |   0.0 |      23 |       0 |   0.0
        D:3 |     157 |      62 |  28.3 |      22 |      10 |  31.2
        D:4 |     276 |       0 |   0.0 |      19 |       0 |   0.0
        D:5 |     615 |     211 |  25.5 |      12 |       1 |   7.7
        D:6 |     933 |       0 |   0.0 |      10 |       0 |   0.0
        D:7 |    1055 |     268 |  20.3 |      16 |       1 |   5.9
        D:8 |    1065 |       0 |   0.0 |      14 |       0 |   0.0
        D:9 |    1514 |    4807 |  76.0 |      49 |      21 |  30.0
       D:10 |    2026 |   15899 |  88.7 |       8 |      42 |  84.0
       D:11 |    6289 |    1278 |  16.9 |      21 |       2 |   8.7
       D:12 |    4153 |    8711 |  67.7 |      21 |      11 |  34.4
       D:13 |    4233 |    1941 |  31.4 |      22 |       6 |  21.4
       D:14 |    9067 |    2027 |  18.3 |      14 |       4 |  22.2
       D:15 |   10224 |    1796 |  14.9 |      27 |       6 |  18.2
     Lair:1 |    7050 |       0 |   0.0 |      34 |       0 |   0.0
     Lair:2 |    5876 |    1882 |  24.3 |      18 |      18 |  50.0
     Lair:3 |    5982 |    1301 |  17.9 |      25 |       3 |  10.7
     Lair:4 |    4536 |     894 |  16.5 |      22 |       2 |   8.3
     Lair:5 |    7965 |    9389 |  54.1 |      26 |      18 |  40.9
     Lair:6 |    9197 |   13097 |  58.7 |      22 |      38 |  63.3
   Shoals:1 |   13671 |    1250 |   8.4 |      28 |       6 |  17.6
   Shoals:2 |    8859 |    3980 |  31.0 |      20 |       8 |  28.6
   Shoals:3 |   12638 |    4729 |  27.2 |      27 |       5 |  15.6
   Shoals:4 |   21136 |   24829 |  54.0 |      45 |      39 |  46.4
   Spider:1 |   21937 |    3001 |  12.0 |      60 |       2 |   3.2
   Spider:2 |   24935 |    1378 |   5.2 |      58 |       1 |   1.7
   Spider:3 |   16141 |     181 |   1.1 |      42 |       1 |   2.3
   Spider:4 |   17663 |   17348 |  49.6 |      48 |      37 |  43.5
      Orc:1 |    5628 |    1272 |  18.4 |      49 |       8 |  14.0
      Orc:2 |    2355 |   10552 |  81.8 |      20 |      53 |  72.6
   Vaults:1 |   34738 |   29002 |  45.5 |      50 |      41 |  45.1
   Vaults:2 |   32527 |   22108 |  40.5 |      56 |      32 |  36.4
   Vaults:3 |   35020 |   19479 |  35.7 |      51 |      24 |  32.0
   Vaults:4 |   13391 |    4663 |  25.8 |      15 |       6 |  28.6
    Ossuary |       0 |     152 | 100.0 |       0 |      16 | 100.0
     Bailey |       0 |    1173 | 100.0 |       0 |      27 | 100.0
      IceCv |       0 |   13067 | 100.0 |       0 |      34 | 100.0
   Gauntlet |       0 |    3695 | 100.0 |       0 |       4 | 100.0
            +---------+---------+-------+---------+---------+-------

Illustrated notes

Table legend:
 A = Kills in this place as a percentage of kills in entire the game.
 B = Kills by you in this place as a percentage of kills by you in the entire game.
 C = Kills by friends in this place as a percentage of kills by friends in the entire game.
 D = Other kills in this place as a percentage of other kills in the entire game.
 E = Experience gained in this place as a percentage of experience gained in the entire game.
 F = Experience gained in this place divided by the number of levels of this place that you have seen.
                   A       B       C       D       E      F
               +-------+-------+-------+-------+-------+----------------------
         Total | 100.0 | 100.0 | 100.0 | 100.0 | 100.0 | 14574.6
       Dungeon |  26.0 |  26.1 |   0.0 |   9.1 |  13.9 | 5249.5
          Lair |  14.7 |  14.6 |   0.0 |  27.3 |  11.8 | 11194.8
        Shoals |  11.6 |  11.7 |   0.0 |   0.0 |  16.0 | 22773.0
   Spider Nest |  16.2 |  16.2 | 100.0 |   0.0 |  18.0 | 25646.0
  Orcish Mines |   8.4 |   8.5 |   0.0 |   0.0 |   3.5 | 9903.5
        Vaults |  17.9 |  17.6 |   0.0 |  54.5 |  33.6 | 47732.0
       Ossuary |   1.0 |   1.0 |   0.0 |   0.0 |   0.0 | 152.0
        Bailey |   1.8 |   1.8 |   0.0 |   0.0 |   0.2 | 1173.0
      Ice Cave |   2.2 |   2.2 |   0.0 |   9.1 |   2.3 | 13067.0
      Gauntlet |   0.3 |   0.3 |   0.0 |   0.0 |   0.7 | 3695.0
               +-------+-------+-------+-------+-------+----------------------

Table legend: (Time is in decaauts)
 A = Elapsed time spent in this place.
 B = Non-inter-level travel time spent in this place.
 C = Inter-level travel time spent in this place.
 D = Time resting spent in this place.
 E = Time spent auto-exploring this place.
 F = Levels seen in this place.
 G = Mean time per level.
                   A        B        C        D        E       F      G
               +--------+--------+--------+--------+--------+-----+--------+
         Total |  85060 |  80462 |   4598 |  33736 |  27591 |  39 | 2181.0 |
       Dungeon |  27659 |  25382 |   2277 |   7525 |  14006 |  15 | 1843.9 |
          Lair |  16357 |  15579 |    778 |   6557 |   5025 |   6 | 2726.2 |
        Shoals |  11112 |  10827 |    285 |   5570 |   1870 |   4 | 2778.0 |
   Spider Nest |   9552 |   8976 |    576 |   4383 |   2438 |   4 | 2388.0 |
  Orcish Mines |   4281 |   3952 |    329 |   1572 |   1624 |   2 | 2140.5 |
        Vaults |  12063 |  11712 |    351 |   6422 |   2185 |   4 | 3015.8 |
       Ossuary |    561 |    561 |      0 |    326 |     88 |   1 |  561.0 |
        Bailey |    833 |    833 |      0 |    441 |     43 |   1 |  833.0 |
      Ice Cave |   2060 |   2060 |      0 |    822 |    148 |   1 | 2060.0 |
      Gauntlet |    577 |    577 |      0 |    117 |    162 |   1 |  577.0 |
               +--------+--------+--------+--------+--------+-----+--------+

Top non-repeatable levels by time:
Vaults:1: 5005 daAuts
  Lair:6: 4154 daAuts
  Lair:5: 3815 daAuts
    D:10: 3781 daAuts
Shoals:4: 3585 daAuts
Spider:3: 3581 daAuts
Vaults:2: 3435 daAuts
Shoals:3: 3305 daAuts
Vaults:3: 3199 daAuts
    D:12: 3009 daAuts
     D:9: 2877 daAuts
Spider:2: 2774 daAuts
    D:14: 2762 daAuts
   Orc:2: 2649 daAuts
    D:11: 2599 daAuts
